 Dungeon Crawl Stone Soup version 0.17-a0-1945-gfe993df (webtiles) character file.

16 dpvblackbelt the Chucker (level 2, 0/32 HPs)
             Began as an Ogre Hunter on Sept 30, 2015.
             Slain by a hobgoblin
             ... wielding a +0 club
              (8 damage)
             ... on level 1 of the Dungeon.
             The game lasted 00:01:16 (464 turns).

dpvblackbelt the Chucker (Ogre Hunter)               Turns: 464, Time: 00:01:17

Health: 0/32       AC:  3    Str: 16    XL:     2   Next: 58%
Magic:  2/2        EV: 10    Int: 10    God:
Gold:   0          SH:  0    Dex: 10    Spells: 0 memorised, 1 level left

rFire  . . .     SeeInvis .     a - +0 club
rCold  . . .     Clarity  .     d - +0 robe
rNeg   . . .     SustAt   .     (no shield)
rPois  .         Gourm    .     (helmet restricted)
rElec  .         Spirit   .     (no cloak)
rCorr  .         Warding  .     (gloves unavailable)
rMut   .         Stasis   .     (boots unavailable)
MR     .....                    (no amulet)
Stlth  +.........               (no ring)
                                (no ring)

@: not resistant to hostile enchantments, very unstealthy
A: unfitting armour, tough skin 1
a: no special abilities


You were on level 1 of the Dungeon.
You were not hungry.

You visited 1 branch of the dungeon, and saw 1 of its levels.

Inventory:

Hand weapons
 a - a +0 club (weapon)
   (You took it off a hobgoblin on level 1 of the Dungeon)
 c - a +0 short sword
Missiles
 b - 2 throwing nets {=f, !d}
Armour
 d - a +0 robe (worn)
Potions
 f - a potion of agility {unknown}
 g - a potion of might {unknown}
 i - a potion of heal wounds {unknown}
Comestibles
 e - a bread ration {@e1@e1}


   Skills:
 - Level 3.7 Fighting
 + Level 1.3 Maces & Flails
 - Level 4.3 Throwing
 - Level 1.7 Dodging
 - Level 0.7 Stealth


You had one spell level left.
You didn't know any spells.

Dungeon Overview and Level Annotations

Branches:
Dungeon (1/15)

Altars:


Innate Abilities, Weirdness & Mutations

You are too large for most types of armour.
You have tough skin (AC +1).


Message History

The jackal bites you but does no damage.
You hit the jackal.
You kill the jackal!
The jackal bites you.
You take 1 damage, and have 29/32 hp.
There are monsters nearby!
You completely miss the jackal.
The jackal bites you but does no damage.
The jackal barely misses you.
There are monsters nearby!
You hit the jackal.
You kill the jackal!
There are monsters nearby!
You barely miss the jackal.
The jackal bites you but does no damage. x2
There are monsters nearby!
You hit the jackal. The jackal bites you. The jackal bites you.
You take 2 damage, and have 28/32 hp.
You hit the jackal but do no damage. The jackal bites you.
The jackal bites you but does no damage.
You take 1 damage, and have 27/32 hp.
There are monsters nearby!
You hit the jackal.
The jackal bites you but does no damage.
The jackal bites you.
You take 2 damage, and have 25/32 hp.
There are monsters nearby!
You closely miss the jackal. The jackal bites you.
The jackal closely misses you.
You take 2 damage, and have 23/32 hp.
There are monsters nearby!
You hit the jackal.
You kill the jackal!
The kobold hits you.
You take 3 damage, and have 20/32 hp.
A kobold is nearby!
You barely miss the kobold. The kobold hits you but does no damage.
You hit the kobold.
You kill the kobold!
Things that are here:
a kobold corpse; a jackal corpse No target in view!
h - a large rock {!d} You see here a jackal corpse.
h - 2 large rocks {!d} (gained 1)
h - 3 large rocks {!d} (gained 1)
A hobgoblin comes into view.
You regained 3 hp, and now have 23/32 hp.
Aim: a hobgoblin (resting)
You throw a large rock {!d}. The large rock {!d} hits the hobgoblin!
You kill the hobgoblin!
Your Maces & Flails skill increases to level 1!
A giant gecko comes into view.
A giant gecko is nearby!
Aim: a giant gecko (hasn't noticed you)
You throw a large rock {!d}.
The large rock {!d} barely misses the giant gecko.
Aim: a giant gecko (clinging)
You throw a large rock {!d}.
The large rock {!d} barely misses the giant gecko.
A hobgoblin comes into view. It is wielding a club.
The hobgoblin shouts!
A giant newt comes into view.
There are monsters nearby!
A kobold comes into view.
The giant gecko barely misses you.
There are monsters nearby!
The kobold shouts!
You hit the giant gecko.
The giant gecko bites you but does no damage.
The giant gecko bites you.
You take 2 damage, and have 21/32 hp.
There are monsters nearby!
You barely miss the giant gecko. The giant gecko closely misses you.
You hit the giant gecko.
You kill the giant gecko!
The hobgoblin hits you with a club.
You take 4 damage, and have 18/32 hp.
There are monsters nearby!
You are too injured to fight recklessly!
There are monsters nearby!
You are too injured to fight recklessly!
The hobgoblin hits you with a club!
You take 7 damage, and have 11/32 hp.
MASSIVE DAMAGE!!
The giant newt closely misses you.
You miss the giant newt. The giant newt bites you.
* * * LOW HITPOINT WARNING * * *
You take 3 damage, and have 8/32 hp.
You completely miss the giant newt. The giant newt bites you.
* * * LOW HITPOINT WARNING * * *
You hit the giant newt.
You kill the giant newt!
You hit the kobold.
You kill the kobold!
You hit the hobgoblin.
The hobgoblin hits you but does no damage.
You closely miss the hobgoblin. The hobgoblin barely misses you.
You barely miss the hobgoblin. The hobgoblin hits you with a club!
You die...

(..# #..# #..# ...#
#.†# #..# #..# #..#
#..# #..#
#.K#############..#
#..##.......†.†...#
#..##.###########.#
#..g@.# #.#
##.##### #.#
#.....# #.# #####.#
#.# #.# #.# #.# #.#
#(# #.### #.# #....
####.######## #.###


You could see a hobgoblin.

Vanquished Creatures
  A giant gecko (D:1)
  3 hobgoblins (D:1)
  2 bats (D:1)
  A giant newt (D:1)
  2 goblins (D:1)
  4 jackals (D:1)
  3 kobolds (D:1)
16 creatures vanquished.

Notes
Turn   | Place    | Note
--------------------------------------------------------------
     0 | D:1      | dpvblackbelt the Ogre Hunter began the quest for the Orb.
     0 | D:1      | Reached XP level 1. HP: 22/22 MP: 1/1
    21 | D:1      | Reached skill level 3 in Fighting
   142 | D:1      | Reached XP level 2. HP: 12/31 MP: 2/2
   443 | D:1      | Reached skill level 1 in Maces & Flails
   458 | D:1      | HP: 8/32 [giant newt (3)]
   464 | D:1      | Slain by a hobgoblin

Vault maps used:
D:1:      minmay_arrival_floating_metal

Action                   || total
-------------------------++-------
Melee: Short sword       ||    16
       Club              ||    31
Throw: Large rock        ||    16

Vault maps used:
D:1:      minmay_arrival_floating_metal

Table legend:
 A = Turns spent in this place as a percentage of turns spent in the entire game.
 B = Non-inter-level travel turns spent in this place as a percentage of non-inter-level travel turns spent in the entire game.
 C = Inter-level travel turns spent in this place as a percentage of turns spent in this place.
 D = Turns resting spent in this place as a percentage of non-inter-level travel turns spent in this place.
 E = Turns spent auto-exploring this place as a percentage of non-inter-level travel turns spent in this place.
 F = Non-inter-level travel turns spent in this place divided by the number of levels of this place that you've seen.
                   A       B       C       D       E      F
               +-------+-------+-------+-------+-------+----------------------
         Total | 100.0 | 100.0 |   0.0 |   1.1 |   6.4 | 188.0
       Dungeon | 100.0 | 100.0 |   0.0 |   1.1 |   6.4 | 188.0
               +-------+-------+-------+-------+-------+----------------------

Table legend:
 A = Kills in this place as a percentage of kills in entire the game.
 B = Kills by you in this place as a percentage of kills by you in the entire game.
 C = Kills by friends in this place as a percentage of kills by friends in the entire game.
 D = Other kills in this place as a percentage of other kills in the entire game.
 E = Experience gained in this place as a percentage of experience gained in the entire game.
 F = Experience gained in this place divided by the number of levels of this place that you have seen.
                   A       B       C       D       E      F
               +-------+-------+-------+-------+-------+----------------------
         Total | 100.0 | 100.0 |  -nan |  -nan | 100.0 |  24.0
       Dungeon | 100.0 | 100.0 |  -nan |  -nan | 100.0 |  24.0
               +-------+-------+-------+-------+-------+----------------------
